Map: White Rabbit LE

Players

HoldTheDoor - Winner!

  • Race: Protoss Protoss
  • League: Diamond
  • Spawn Location: 1:00

PetitJoe

  • Race: Protoss Protoss
  • League: Platinum
  • Spawn Location: 7:00

VOD

Have the link to the VOD?

Description

Time

  • Played on: May 2, 2026, 1:59 p.m.
  • Length: 16:04
Show
View Real Time Build Order
Export as new Build Order

HoldTheDoor Protoss - Winner!

Build Orders: Oracle Opening, Carriers 

Get SALT Encoding   

  12  0:00  Probe  
  13  0:12  Probe  
  14  0:19  Pylon  
  14  0:24  Probe  
  15  0:33  Probe  
  15  0:39  Gateway  
  15  0:41  Probe  
  16  0:49  Assimilator  
  17  0:52  Probe  
  18  0:57  Assimilator  
  18  1:04  Probe  
  18  1:11  Gateway  
  19  1:16  Probe  
  20  1:27  Cybernetics Core  
  20  1:28  Probe  
  21  1:42  Probe  
  22  1:54  Probe  
  23  2:02  Warp Gate  
  23  2:12  Pylon  
  23  2:25  Pylon  
  23  2:30  Probe  
  24  2:42  Probe  
  25  2:45  Stalker x2  
  29  2:53  Stargate  
  29  2:54  Probe  
  30  3:01  Pylon  
  30  3:11  Shield Battery  
  30  3:12  Stalker  
  30  3:14  Sentry  
  34  3:27  Oracle  
  34  3:29  Pylon  
  34  3:35  Nexus  
  37  3:44  Probe  
  38  3:52  Shield Battery  
  38  3:54  Sentry  
  40  3:56  Probe  
  40  3:59  Stalker  
  43  4:08  Probe  
  44  4:10  Phoenix  
  46  4:20  Probe  
  47  4:26  Pylon  
  47  4:29  Stalker  
  49  4:32  Probe, Sentry  
  52  4:44  Probe  
  53  4:51  Probe  
  54  4:56  Probe  
  54  4:59  Phoenix  
  57  5:04  Probe, Stalker  
  60  5:08  Probe  
  60  5:09  Pylon  
  61  5:16  Probe  
  61  5:20  Probe  
  63  5:24  Phoenix  
  65  5:29  Probe  
  66  5:44  Probe x2  
  65  5:56  Phoenix  
  67  6:05  Assimilator  
  67  6:07  Assimilator  
  67  6:08  Pylon  
  67  6:13  Forge  
  67  6:16  Protoss Air Weapons Level 1  
  67  6:18  Probe x2  
  69  6:24  Phoenix  
  71  6:30  Probe  
  71  6:32  Probe  
  73  6:43  Probe, Pylon  
  74  6:47  Protoss Ground Weapons Level 1, Probe  
  74  6:48  Shield Battery  
  74  6:50  Nexus  
  74  6:53  Pylon  
  75  6:54  Stalker x2  
  75  6:58  Twilight Council  
  79  7:02  Gateway  
  79  7:03  Gateway  
  79  7:04  Gateway  
  79  7:07  Gateway  
  79  7:10  Probe  
  80  7:17  Blink  
  80  7:25  Fleet Beacon  
  80  7:28  Photon Cannon  
  80  7:31  Pylon, Probe  
  81  7:49  Stalker x2  
  85  7:52  Probe  
  86  8:06  Stargate  
  86  8:08  Probe  
  86  8:10  Pylon  
  87  8:13  Pylon  
  87  8:16  Pylon  
  87  8:19  Probe  
  88  8:26  Probe  
  89  8:28  Carrier  
  89  8:31  Probe  
  89  8:32  Protoss Ground Armor Level 1  
  89  8:33  Protoss Air Armor Level 1  
  96  8:43  Probe x2  
  96  8:45  Probe  
  96  8:47  Assimilator  
  99  8:53  Carrier  
  105  8:58  Assimilator  
  105  9:01  Shield Battery  
  105  9:03  Shield Battery  
  105  9:04  Pylon, Probe  
  105  9:08  Photon Cannon  
  105  9:09  Shield Battery  
  106  9:10  Shield Battery, Probe  
  106  9:13  Probe  
  106  9:16  Probe  
  109  9:20  Stargate  
  109  9:22  Probe  
  110  9:25  Carrier, Probe  
  111  9:34  Probe  
  111  9:35  Probe  
  111  9:37  Probe  
  120  9:40  Photon Cannon  
  120  9:53  Pylon  
  120  9:54  Probe  
  121  10:00  Carrier  
  121  10:02  Pylon  
  121  10:04  Stalker x4  
  135  10:07  Probe  
  136  10:15  Probe x2  
  138  10:25  Nexus  
  138  10:29  Pylon  
  138  10:31  Probe x2, Pylon  
  138  10:32  Probe  
  141  10:36  Pylon  
  141  10:38  Shield Battery  
  141  10:40  Carrier  
  147  10:43  Protoss Air Weapons Level 2  
  147  10:53  Carrier  
  153  10:57  Templar Archives  
  153  11:02  Gateway  
  153  11:06  Gateway  
  153  11:07  Assimilator  
  153  11:08  Probe x3  
  156  11:14  Photon Cannon  
  156  11:15  Zealot  
  158  11:23  Carrier  
  164  11:32  Stargate  
  164  11:46  Stargate  
  164  11:47  Stargate  
  164  11:49  Stargate  
  164  11:50  Probe x2  
  164  11:51  Probe  
  164  11:52  Robotics Facility  
  167  11:57  Assimilator  
  167  11:59  Photon Cannon  
  167  12:02  Photon Cannon  
  167  12:03  Pylon  
  167  12:07  Zealot  
  167  12:08  Zealot x5  
  178  12:18  Stalker x2  
  178  12:21  Tempest  
  186  12:25  Tempest  
  190  12:30  Tempest  
  190  12:34  Charge  
  194  12:42  Observer  
  195  12:46  Stalker x2  
  199  12:58  Pylon  
  199  12:59  Pylon  
  199  13:02  Photon Cannon  
  199  13:03  Photon Cannon  
  199  13:06  Pylon  
  199  13:07  Photon Cannon, Pylon  
  199  13:09  Photon Cannon  
  199  13:13  Photon Cannon  
  177  13:27  Stalker x2  
  177  13:28  Stalker x6  
  151  13:46  Tempest x3  
  151  13:47  Tempest  
  167  14:06  Nexus  
  167  14:14  Pylon  
  167  14:18  Pylon  
  167  14:19  Dark Shrine  
  167  14:20  Immortal  
  167  14:23  Stalker x3  
  177  14:27  High Templar x3  
  177  14:30  High Templar  
  185  14:32  Archon  
  185  14:33  Archon  
  185  14:38  Tempest  
  189  14:46  Photon Cannon  
  189  14:47  Photon Cannon  
  189  14:52  Photon Cannon  
  189  14:58  Stalker x4  
  189  14:59  Stalker  
  195  15:31  Stalker x2  
  188  15:49  Stalker x5  
  166  15:50  Stalker  
Show
View Real Time Build Order
Export as new Build Order

PetitJoe Protoss 

Build Orders: Oracle Opening 

Get SALT Encoding   

  12  0:00  Probe  
  13  0:12  Probe  
  14  0:17  Pylon  
  14  0:24  Probe  
  15  0:34  Probe  
  15  0:39  Gateway  
  16  0:43  Probe  
  16  0:48  Assimilator  
  17  0:51  Probe  
  18  0:59  Assimilator  
  18  1:03  Probe  
  19  1:15  Probe  
  20  1:26  Cybernetics Core  
  20  1:30  Probe  
  21  1:44  Probe  
  22  1:57  Probe  
  22  2:00  Pylon  
  23  2:06  Stalker  
  23  2:14  Warp Gate  
  23  2:18  Probe  
  23  2:20  Stargate  
  26  2:29  Stalker  
  26  2:30  Probe  
  26  2:33  Pylon  
  29  2:52  Nexus  
  29  3:00  Pylon  
  29  3:02  Oracle  
  29  3:03  Sentry  
  34  3:14  Probe  
  35  3:30  Shield Battery x2  
  35  3:37  Probe  
  36  3:42  Gateway  
  36  3:49  Probe  
  37  3:57  Gateway  
  37  4:01  Probe  
  38  4:05  Stalker  
  40  4:13  Probe x2  
  42  4:25  Probe x2  
  44  4:37  Probe x2  
  44  4:38  Void Ray  
  50  4:39  Stalker  
  50  4:42  Sentry  
  52  4:49  Probe  
  53  4:53  Probe  
  54  5:05  Pylon  
  54  5:08  Pylon  
  54  5:16  Pylon  
  54  5:21  Robotics Facility  
  54  5:23  Probe x2  
  56  5:35  Probe x2  
  51  5:47  Probe x2  
  51  5:49  Phoenix  
  55  5:52  Pylon  
  52  5:59  Probe x2  
  52  6:03  Observer  
  57  6:11  Probe x2  
  57  6:13  Nexus  
  57  6:15  Pylon, Twilight Council  
  57  6:17  Gateway  
  57  6:23  Probe x2  
  59  6:32  Assimilator x2  
  59  6:34  Phoenix  
  59  6:35  Probe x2  
  63  6:42  Zealot  
  63  6:43  Zealot, Probe  
  63  6:44  Zealot  
  69  6:47  Probe  
  69  6:51  Probe  
  69  6:52  Charge  
  71  6:56  Pylon  
  71  6:59  Shield Battery, Probe  
  73  7:11  Observer, Probe  
  75  7:15  Gateway  
  75  7:16  Phoenix  
  75  7:18  Probe, Gateway  
  78  7:25  Probe  
  79  7:30  Probe  
  79  7:36  Templar Archives, Zealot x4  
  88  7:39  Probe x2  
  90  7:49  Pylon  
  90  7:51  Pylon  
  90  7:54  Forge  
  90  7:57  Probe x3  
  93  8:04  Zealot x2  
  93  8:05  Pylon  
  97  8:09  Phoenix  
  97  8:12  Probe x2  
  101  8:15  Assimilator  
  101  8:18  Probe  
  102  8:23  Protoss Ground Weapons Level 1  
  102  8:30  Photon Cannon  
  102  8:33  Probe  
  102  8:34  Probe, Assimilator  
  104  8:43  High Templar x3  
  104  8:46  High Templar  
  104  8:47  Archon  
  112  8:48  Photon Cannon  
  112  8:50  Photon Cannon, Archon  
  112  8:56  Photon Cannon x2  
  112  9:01  Photon Cannon  
  112  9:03  Photon Cannon  
  112  9:04  Blink  
  112  9:09  Phoenix  
  114  9:22  Gateway  
  114  9:25  Gateway  
  114  9:28  Photon Cannon  
  114  9:34  Photon Cannon  
  114  9:35  Photon Cannon  
  114  9:37  Photon Cannon  
  114  9:39  High Templar x2  
  114  9:43  Archon  
  114  9:45  High Templar  
  120  9:47  High Templar  
  120  9:49  Nexus  
  120  9:50  Archon  
  122  9:57  Photon Cannon  
  122  9:59  Shield Battery, Phoenix  
  124  10:07  Fleet Beacon  
  124  10:08  Probe x2  
  124  10:10  Probe  
  127  10:16  Stalker x2, Pylon  
  127  10:20  Probe, Pylon  
  132  10:27  Pylon  
  132  10:31  Pylon, Stargate  
  132  10:34  Zealot  
  132  10:35  Zealot x3  
  140  10:41  Zealot x2  
  144  10:43  Zealot  
  146  10:58  Tempest  
  146  11:00  Protoss Ground Armor Level 1  
  150  11:05  Probe x4  
  150  11:06  Protoss Air Weapons Level 1  
  154  11:17  Probe x4  
  158  11:19  Tempest  
  158  11:23  High Templar  
  158  11:24  High Templar  
  166  11:27  Photon Cannon, Archon  
  166  11:28  Photon Cannon  
  166  11:31  Zealot  
  168  11:41  Tempest  
  168  11:43  Probe x4  
  176  11:55  Probe x2  
  176  11:56  Probe x2  
  178  12:01  Assimilator, Tempest  
  178  12:02  Assimilator  
  178  12:07  Probe  
  175  12:23  Tempest  
  175  12:26  Stargate  
  179  12:30  Stargate  
  179  12:31  Photon Cannon  
  179  12:43  Nexus  
  179  12:44  Pylon, Psionic Storm, Tempest  
  179  12:48  Assimilator, Pylon  
  183  12:51  Photon Cannon  
  183  12:52  Assimilator  
  183  12:53  Probe  
  183  12:54  Probe x2  
  183  12:55  Photon Cannon  
  183  12:58  Photon Cannon  
  186  13:00  Photon Cannon  
  186  13:02  Shield Battery  
  186  13:04  Shield Battery  
  186  13:05  Pylon  
  184  13:06  Tempest  
  184  13:12  Stalker  
  186  13:13  Stalker x6  
  178  13:27  Tempest  
  136  13:44  Tempest  
  136  13:45  Tempest  
  136  13:47  Stalker x5  
  150  13:49  Tempest  
  150  13:55  Probe x3  
  156  14:00  High Templar x2  
  156  14:02  High Templar  
  163  14:10  Tempest  
  163  14:12  Zealot x5  
  177  14:19  Gateway  
  177  14:22  Gateway  
  177  14:27  Tempest x2  
  177  14:29  Probe x3  
  188  14:32  Tempest  
  188  14:36  Stargate  
  184  14:53  Zealot x5  
  184  14:54  Zealot x3  
  198  15:17  Zealot  
  182  15:47  Stalker  
  182  15:48  Stalker x3  
  182  15:49  Stalker x6  
Tags
 
Add a new tag
Caveats
  • Supply blocks, unpowered buildings, or Contaminate may cause inaccurate times.
  • Supply counts are checked every 10 seconds.